AoeStats
← JamesNewstedd

MegaRandom

504991099Analyzed
1v1 RM · 25d ago on Sep 7, 2026· 24m 15s· 2 players
Game mode
Random Map
Map size
Tiny (2 player)
Population
200
Speed
Normal
Resources
Standard
Victory
Conquest
Starting age
Dark Age
Ending age
Imperial Age
RankedLock teamsTeams togetherTeam positionsShared explorationLock speedFull tech treeHidden civsTurbo modeCheats
Victory
Defeat
🇨🇳 Italians · China
1740
+18
🇩🇪 Italians · Germany
1782
-18
精锐菜鸟
7:37 Loom
10:11 Feudal Age
10:15 Man-at-Arms
11:18 Double-Bit Axe
16:23 Fletching
16:38 Town Watch
16:36 Horse Collar
23:25 Castle Age
21:39 Gold Mining
23:26 Crossbowman
24:02 Bodkin Arrow
25:19 Wheelbarrow
JamesNewstedd
9:08 Feudal Age
9:11 Man-at-Arms
9:41 Double-Bit Axe
11:44 Loom
15:20 Horse Collar
22:45 Castle Age
21:59 Scale Barding Armor
22:37 Bloodlines
22:39 Gold Mining
24:07 Bow Saw
Connection lost

Rejoining the realm…

Still unreachable

The connection could not be restored.

Session expired

The server has moved on; the page needs a fresh start.